 Dungeon Crawl Stone Soup version 0.28.0-53-g5a82cb258f (webtiles) character file.

Game seed: 6636102700021614524

87 DocClef the Ruffian (level 4, -1/41 HPs)
             Began as a Troll Hunter on July 9, 2022.
             Succumbed to a scorpion's poison
             ... on level 3 of the Dungeon.
             The game lasted 00:01:41 (1331 turns).

DocClef the Ruffian (Troll Hunter)                  Turns: 1331, Time: 00:01:42

Health: -1/41      AC:  4    Str: 22    XL:     4   Next: 28%
Magic:  3/3        EV:  9    Int:  7    God:
Gold:   31         SH:  0    Dex: 10    Spells: 3/3 levels left

rFire   . . .      SeeInvis .     - Unarmed
rCold   . . .      Faith    .   (no shield)
rNeg    . . .      Spirit   .   b - +0 robe
rPois   .          Reflect  .   (helmet restricted)
rElec   .          Harm     .   e - scarf {repulsion}
rCorr   .          Rampage  .   (gloves unavailable)
Will    .....                   (boots unavailable)
Stlth   +.........              (no amulet)
HPRegen 0.93/turn               n - ring of willpower
MPRegen 0.08/turn               (no ring)

@: lethally poisoned (-1 -> -9), weak-willed, repel missiles
A: large, unfitting armour, claws 3, regeneration 1, shaggy fur 1, tough skin 1
a: no special abilities


You were on level 3 of the Dungeon.
You visited 1 branch of the dungeon, and saw 3 of its levels.

You collected 31 gold pieces.

Inventory:

Hand Weapons
 a - a +0 short sword of protection
Missiles
 c - 5 large rocks (quivered)
 d - 3 throwing nets
Armour
 b - a +0 robe (worn)
 e - a scarf of repulsion (worn)
Jewellery
 n - a ring of willpower (left claw)
Scrolls
 g - a scroll of identify
Potions
 f - a potion of heal wounds
 h - 3 potions of mutation {unknown}
 k - a potion of lignification {unknown}
 q - a potion of invisibility {unknown}
 r - a potion of curing {unknown}


   Skills:
 - Level 1.5 Fighting
 - Level 3.6 Throwing
 - Level 1.5 Dodging
 - Level 0.3 Stealth
 + Level 4.0 Unarmed Combat


You had 3 spell levels left.
You didn't know any spells.
Your spell library contained the following spells:

 Spells                   Type           Power      Damage    Failure   Level
 Corpse Rot               Necr/Air       0%         N/A       56%         2
 Poisonous Vapours        Pois/Air       0%         N/A       56%         2


Dungeon Overview and Level Annotations

Branches:
Dungeon (3/15)

Altars:
Elyvilon


Innate Abilities, Weirdness & Mutations

You are too large for most types of armour.
You have claws for hands.
Your natural rate of healing is unusually fast.
You are covered in fur. (AC +1)
You have tough skin. (AC +1)


Message History

As you read the scroll labelled YWOINYETIU, it crumbles to dust.
It is a scroll of amnesia.
You feel forgetful for a moment.
A scorpion comes into view.
A scorpion is nearby!
A scorpion is nearby!
A scorpion is nearby!
A scorpion is nearby!
The scorpion barely misses you. The scorpion stings you.
You closely miss the scorpion. The scorpion stings you.
You are poisoned.
The scorpion poisons you!
A rat comes into view.
You scratch the scorpion but do no damage.
You feel sick. The scorpion stings you.
You scratch the scorpion.
The scorpion is lightly wounded.
You feel sick.
The scorpion stings you but does no damage.
The rat barely misses you.
You closely miss the scorpion.
The scorpion is lightly wounded.
You feel sick. The scorpion closely misses you. The rat bites you.
You barely miss the scorpion.
The scorpion is lightly wounded.
You feel sick. The scorpion stings you!
You claw the scorpion!
The scorpion is heavily wounded.
You feel sick. The rat bites you but does no damage. The scorpion stings you!
* * * LOW HITPOINT WARNING * * *
You scratch the scorpion. Your claw misses the scorpion.
The scorpion is almost dead.
You feel sick. The rat closely misses you. The scorpion stings you.
* * * LOW HITPOINT WARNING * * *
You are lethally poisoned!
The scorpion poisons you!
Unknown command.
You claw the scorpion!
You kill the scorpion!
You die...

## #####.# #
#.......
####..†#.##.#
+..§§@§......
####§§r...#.#
#§§#...#
#§##...# #.#
### #.. ###


You could see a rat.

Vanquished Creatures
  A scorpion (D:3)
  3 gnolls
  3 adders (D:2)
  A worm (D:2)
  2 endoplasms (D:2)
  2 giant cockroaches
  2 hobgoblins
  A quokka (D:2)
  5 ball pythons
  4 bats
  2 frilled lizards
  4 goblins (D:2)
  3 rats
33 creatures vanquished.

Notes
Turn   | Place    | Note
-------+----------+-------------------------------------------
     0 | D:1      | DocClef the Troll Hunter began the quest for the Orb.
     0 | D:1      | Reached XP level 1. HP: 19/19 MP: 0/0
   159 | D:1      | Reached skill level 1 in Unarmed Combat
   857 | D:2      | Reached XP level 2. HP: 27/27 MP: 1/1
   944 | D:2      | Reached skill level 2 in Unarmed Combat
  1018 | D:2      | Reached XP level 3. HP: 33/33 MP: 2/2
  1079 | D:1      | Reached skill level 3 in Unarmed Combat
  1124 | D:2      | Found a white marble altar of Elyvilon.
  1229 | D:2      | Reached XP level 4. HP: 30/41 MP: 3/3
  1264 | D:2      | Reached skill level 4 in Unarmed Combat
  1322 | D:3      | Noticed a scorpion
  1330 | D:3      | HP: 2/41 [scorpion (5)]
  1331 | D:3      | Killed a scorpion
  1331 | D:3      | Succumbed to a scorpion's poison

Illustrated notes

Levels and vault maps discovered:
D:1:      dpeg_arrival_more_subterranean_lakeside_camping, layout_basic,
          minivault_14, chequers_serial_rivers_marsh
D:2:      layout_basic, basic_altar
D:3:      minmay_door_path, layout_loops_corners,
          mainiacjoe_overflow_small_starburst, mainiacjoe_overflow_alcove_1,
          beargit_hepliaklqana_dungeon_heroes, cheibrodos_sewer_entry_bend,
          patterned_corridor

Skill      XL: |  1  2  3  4 |
---------------+-------------+-----
Unarmed Combat | 1 2 3 4 |  4.0
Fighting       | |  1.5
Throwing       | |  3.6
Dodging        | |  1.5
Stealth        | |  0.3

Action                   |  1- 3 |  4- 6 || total
-------------------------+-------+-------++-------
Melee: Unarmed           |    75 |    18 ||    93
       Punch             |     2 |       ||     2
Throw: Large rock        |     2 |       ||     2
  Use: Scroll            |       |     7 ||     7
Armor: Robe              |    34 |     6 ||    40
Dodge: Dodged            |    41 |    11 ||    52
